 Dungeon Crawl Stone Soup version 0.21-a0-331-gfb491b4 (webtiles) character file.

30 Firecrotchwizard the Digger (level 3, 19/19 HPs)
             Began as a Gargoyle Earth Elementalist on July 23, 2017.
             Quit the game on level 1 of the Dungeon on Oct 3, 2017.
             The game lasted 00:07:15 (1233 turns).

Firecrotchwizard the Digger (GrEE)                  Turns: 1233, Time: 00:07:15

Health: 19/19      AC:  6    Str: 11    XL:     3   Next: 18%
Magic:  5/6        EV: 12    Int: 16    God:
Gold:   60         SH:  0    Dex: 10    Spells: 6/7 levels left

rFire    . . .     SeeInvis .   g - -1 dagger (curse)
rCold    . . .     Gourm    .   (no shield)
rNeg     + . .     Faith    .   c - +1 robe
rPois    ∞         Spirit   .   (no helmet)
rElec    +         Reflect  .   (no cloak)
rCorr    .         Harm     .   (no gloves)
MR       .....                  (no boots)
Stlth    ++........             (no amulet)
HPRegen  0.06/turn              (no ring)
MPRegen  0.10/turn              (no ring)

@: no status effects
A: negative energy resistance 1, electricity resistance, unbreathing,
petrification resistance, rot immunity, AC +3
a: no special abilities


You were on level 1 of the Dungeon.
You were not hungry.

You visited 1 branch of the dungeon, and saw 1 of its levels.

You collected 60 gold pieces.

Inventory:

Hand Weapons
 g - a cursed -1 dagger (weapon)
   (You found it on level 1 of the Dungeon)
Missiles
 b - 120 stones (quivered)
Armour
 c - a +1 robe (worn)
Potions
 h - a potion of resistance {unknown}
 i - a potion of might {unknown}
Books
 e - a book of Geomancy
Comestibles
 d - 3 bread rations {@e1}


   Skills:
 - Level 1.5 Dodging
 - Level 2.1 Stealth
 + Level 2.5 Spellcasting
   Level 0.7 Transmutations
 * Level 4.6 Earth Magic


You had 6 spell levels left.
You knew the following spells:

 Your Spells              Type           Power        Failure   Level  Hunger
a - Sandblast             Erth           ###...       3%          1    #......


Dungeon Overview and Level Annotations

Branches:
Dungeon (1/15)

Altars:


Innate Abilities, Weirdness & Mutations

You are resistant to torment.
Your stone body is resilient. (AC +3)
You are immune to poison.
You resist negative energy. (rN+)
You are resistant to electric shocks. (rElec)
You can survive without breathing.
You are immune to petrification.
You are immune to rotting.


Message History

Aim: a bat The blast of sand hits the bat.
You kill the bat!
b - 122 stones You now have 4/6 mp.
You see here a bat corpse.
You butcher the bat corpse.
a - 5 chunks of flesh {@w0} (gained 1)
You see here a bat skeleton.
You start resting.
Health restored: 19; MP restored: 6
d - 4 bread rations {@e1} (gained 1) Some of the chunks of flesh in your inventory have rotted away.
k - a scroll labeled CEUMUSERAL You now have 47 gold pieces (gained 5).
You open the door.
There is an open door here.
You see here a hunting sling.
All of the chunks of flesh in your inventory have rotted away.
You are feeling hungry.
You may need something to eat soon, looking for food.
Can't find anything matching that.
Sorry, you're not good enough to have a special ability.
There is an open door here.
You see here a club.
A kobold comes into view. It is wielding a short sword.
You can't see any susceptible monsters within range! (Use Z to cast anyway.) Unknown command.
The kobold shouts!
The kobold throws a stone.
The stone hits you but does no damage.
You see here a stone.
The kobold throws a stone.
The stone barely misses you.
Aim: a kobold, wielding a short sword The blast of sand misses the kobold.
b - 121 stones The kobold hits you but does no damage.
You now have 5/6 mp.
Aim: a kobold, wielding a short sword The blast of sand misses the kobold.
b - 120 stones The kobold completely misses you.
You now have 4/6 mp.
Aim: a kobold, wielding a short sword You miscast Sandblast.
You are very lightly contaminated with residual magic.
You are showered with tiny particles of grit.
The kobold hits you but does no damage.
You now have 3/6 mp.
Aim: a kobold, wielding a short sword The blast of sand hits the kobold.
You kill the kobold!
b - 119 stones You now have 2/6 mp.
b - 120 stones (gained 1)
You now have 60 gold pieces (gained 13).
Things that are here:
a short sword; a kobold corpse You butcher the kobold corpse.
Things that are here:
a short sword; 3 inedible chunks of flesh {@w0}
b - 122 stones (gained 2)
You start resting.
Your magical contamination has completely faded away.
You eat one of the 4 bread rations {@e1}.
That bread ration really hit the spot!
As you read the scroll labeled CEUMUSERAL, it crumbles to dust.
It is a scroll of recharging.
You aren't carrying any rechargeable items.
As you read the scroll labeled LIVVAGO GUQO, it crumbles to dust.
It is a scroll of enchant armour.
Your +0 robe glows green for a moment.
As you read the scroll labeled RIUWUA WYPSOLI, it crumbles to dust.
The scroll dissolves into smoke.
It was a scroll of fog.
You start resting.
MP restored: 6
Things that are here:
a short sword; 3 inedible chunks of flesh {@w0} A leopard gecko comes into view.
The leopard gecko hisses angrily.
Aim: a leopard gecko (clinging)
You throw a stone.
The stone barely misses the leopard gecko.
Aim: a leopard gecko (clinging)
The blast of sand hits the leopard gecko.
You kill the leopard gecko!
b - 120 stones You now have 5/6 mp.
You start resting.
MP restored: 6
b - 121 stones (gained 1)
A goblin comes into view.
The goblin shouts!
Aim: a goblin The blast of sand hits the goblin.
You kill the goblin!
b - 120 stones You now have 5/6 mp.
Welcome back, Firecrotchwizard the Gargoyle Earth Elementalist.
Quiver which item? (- for none, * to show all) (? for menu, Esc to quit)
Okay, then.

##'## #......... #.#######
#.........
#.#.....#######.........
#.#.....##........######
###.#.....##........######
#........................#
#...................####.#
#........................#
######........@............#..#
#....'...................#.#..#
#.####...................#.#..#
#.# #...................#.#..#
#.# #...........#######.#.#..#
#.# ####'######## #.#.#..# #.#
#.# #.#.#..# #.# #.# #.#.#..#
#.# #.# #.#.#..#


There were no monsters in sight!

Vanquished Creatures
  An ooze (D:1)
  A leopard gecko (D:1)
  A giant cockroach (D:1)
  4 goblins (D:1)
  6 hobgoblins (D:1)
  3 kobolds (D:1)
  3 bats (D:1)
  A frilled lizard (D:1)
  4 rats (D:1)
24 creatures vanquished.

Notes
Turn   | Place    | Note
-------+----------+-------------------------------------------
     0 | D:1      | Firecrotchwizard the Gargoyle Earth Elementalist began the quest for the Orb.
     0 | D:1      | Reached XP level 1. HP: 10/10 MP: 3/3
   225 | D:1      | Reached skill level 4 in Earth Magic
   225 | D:1      | Reached XP level 2. HP: 15/15 MP: 1/5
   597 | D:1      | Reached XP level 3. HP: 19/19 MP: 4/6
   703 | D:1      | Upgraded the game from 0.21-a0-142-gdd972a7 to 0.21-a0-278-ga722497
  1233 | D:1      | Upgraded the game from 0.21-a0-278-ga722497 to 0.21-a0-331-gfb491b4
  1233 | D:1      | Quit the game

Vault maps used:
D:1:      ncdulo_smallfort

Skill      XL: |  1 |
---------------+----+-----
Earth Magic    | 4 |  4.6
Dodging        | |  1.5
Stealth        | |  2.1
Spellcasting   | |  2.5
Transmutations | |  0.7

Action                   || total
-------------------------++-------
Melee: Unarmed           ||     1
       Dagger            ||     1
Throw: Stone             ||     8
 Cast: Sandblast         ||    33
  Use: Scroll            ||     3
  Eat: Bread ration      ||     1
Armor: Robe              ||     5
Dodge: Dodged            ||     6

Table legend:
 A = Spawn XP
 B = Non-spawn XP
 C = Spawn XP percentage of total XP
 D = Spawn monster count
 E = Non-spawn monster count
 F = Spawn count percentage of total count
 G = Total turns spent on level
                    A         B        C        D         E        F      G
               +---------+---------+-------+---------+---------+-------+---------
         Total |       0 |       0 |   N/A |       0 |       0 |   N/A |   530
               +---------+---------+-------+---------+---------+-------+---------
               +---------+---------+-------+---------+---------+-------+---------

Vault maps used:
D:1:      ncdulo_smallfort

Table legend:
 A = Turns spent in this place as a percentage of turns spent in the entire game.
 B = Non-inter-level travel turns spent in this place as a percentage of non-inter-level travel turns spent in the entire game.
 C = Inter-level travel turns spent in this place as a percentage of turns spent in this place.
 D = Turns resting spent in this place as a percentage of non-inter-level travel turns spent in this place.
 E = Turns spent auto-exploring this place as a percentage of non-inter-level travel turns spent in this place.
 F = Non-inter-level travel turns spent in this place divided by the number of levels of this place that you've seen.
                   A       B       C       D       E      F
               +-------+-------+-------+-------+-------+----------------------
         Total | 100.0 | 100.0 |   0.0 |  12.3 |  61.5 | 732.0
       Dungeon | 100.0 | 100.0 |   0.0 |  12.3 |  61.5 | 732.0
               +-------+-------+-------+-------+-------+----------------------

Table legend:
 A = Kills in this place as a percentage of kills in entire the game.
 B = Kills by you in this place as a percentage of kills by you in the entire game.
 C = Kills by friends in this place as a percentage of kills by friends in the entire game.
 D = Other kills in this place as a percentage of other kills in the entire game.
 E = Experience gained in this place as a percentage of experience gained in the entire game.
 F = Experience gained in this place divided by the number of levels of this place that you have seen.
                   A       B       C       D       E      F
               +-------+-------+-------+-------+-------+----------------------
         Total | 100.0 | 100.0 |   N/A |   N/A | 100.0 |  43.0
       Dungeon | 100.0 | 100.0 |   N/A |   N/A | 100.0 |  43.0
               +-------+-------+-------+-------+-------+----------------------
